 Dungeon Crawl Stone Soup version 0.29.1-2-gbd0b4ee654 (webtiles) character file.

Game seed: 8608475807061041468

61 hawla the Firebug (level 4, -4/33 HPs)
             Began as a Meteoran Fire Elementalist on Oct 24, 2022.
             Slain by an iguana (7 damage)
             ... on level 3 of the Dungeon.
             The game lasted 00:04:30 (1171 turns).

hawla the Firebug (Meteoran Fire Elementalist)      Turns: 1171, Time: 00:04:31

Health: -4/33      AC:  2    Str:  9    XL:     4   Next: 51%
Magic:  5/9        EV: 12    Int: 18    God:
Gold:   66         SH:  0    Dex: 15    Spells: 5/8 levels left

rFire   . . .      SeeInvis .   m - staff of conjuration
rCold   . . .      Faith    .   (no shield)
rNeg    . . .      Spirit   .   a - +0 robe
rPois   .          Reflect  .   (no helmet)
rElec   .          Harm     .   (no cloak)
rCorr   .          Rampage  .   (no gloves)
Will    .....                   (no boots)
Stlth   +.........              (no amulet)
HPRegen 0.11/turn               (no ring)
MPRegen 0.11/turn               (no ring)

@: glowing
A: sense surroundings 1, otherworldly, glowing, explore regen
a: no special abilities


You were on level 3 of the Dungeon.
You visited 1 branch of the dungeon, and saw 3 of its levels.

You collected 66 gold pieces.

Inventory:

Armour
 a - a +0 robe (worn)
Magical Staves
 m - a staff of conjuration (weapon)
Scrolls
 d - a scroll of noise {unknown}
 e - a scroll of magic mapping {unknown}
 f - a scroll of enchant armour {unknown}
 i - a scroll of enchant weapon {unknown}
 l - a scroll of blinking
 n - a scroll of immolation {unknown}
Potions
 b - a potion of magic
 g - a potion of might {unknown}
 h - a potion of curing
 j - a potion of flight {unknown}
 k - a potion of attraction {unknown}
 o - a potion of mutation {unknown}


   Skills:
 - Level 2.6 Dodging
 - Level 1.4 Stealth
 - Level 2.9 Spellcasting
 + Level 3.8 Conjurations
 - Level 4.0 Fire Magic


You had 5 spell levels left.
You knew the following spells:

 Your Spells              Type           Power      Damage    Failure   Level
a - Foxfire               Conj/Fire      100%       2x1d9     3%          1
b - Scorch                Fire           34%        2d7       4%          2

Your spell library contained the following spells:

 Spells                   Type           Power      Damage    Failure   Level
 Conjure Flame            Conj/Fire      25%        6-21      10%         3
 Inner Flame              Hex/Fire       10%        N/A       22%         3
 Flame Wave               Conj/Fire      25%        2d8       32%         4


Dungeon Overview and Level Annotations

Branches:
Dungeon (3/15) Zot: 625

Altars:


Innate Abilities, Weirdness & Mutations

You passively map a small area around you.
You are easily found by Zot.
You glow in the dark.
You regain HP and MP as you explore.


Message History

As you enter the new level, Zot loses track of you.
There is a stone staircase leading up here.
Blink to where?
Press: ? - help, Dir - move target
As you read the scroll labelled XIEJ KAWNYISU, it crumbles to dust.
It was a scroll of blinking.
As you read the scroll labelled MIONAP REISETH, it crumbles to dust.
A profound silence engulfs you.
It was a scroll of silence.
Found a robe.
An iguana comes into view.
An iguana is nearby!
There is a stone staircase leading up here.
Your hearing returns.
Casting: Foxfire (safe; 3% risk of failure)
Confirm with . or Enter, or press ? or * to list all spells.
You feel a surge of power!
You conjure some foxfire!
The foxfire hits the iguana.
The iguana is lightly wounded.
The foxfire hits the iguana but does no damage.
The iguana is lightly wounded.
Casting: Foxfire (safe; 3% risk of failure)
Confirm with . or Enter, or press ? or * to list all spells.
Flames lash the iguana.
The iguana is severely wounded.
The iguana's fire resistance burns away.
Casting: Scorch (safe; 4% risk of failure)
Confirm with . or Enter, or press ? or * to list all spells.
Flames lash the iguana.
The iguana is burned terribly!
The iguana is almost dead.
The iguana bites you!
Casting: Scorch (safe; 4% risk of failure)
Confirm with . or Enter, or press ? or * to list all spells.
You feel a surge of power!
You conjure some foxfire!
The iguana bites you!
Your foxfire dissipates!
The foxfire hits the iguana but does no damage.
The iguana is almost dead.
The iguana attacks as you move away! The iguana bites you!
* * * LOW HITPOINT WARNING * * *
The iguana attacks as you move away! The iguana bites you!
You die...

...###.####.#
* *
#.####l####
#.#....<..#
*#.#.#####.#
, , ,..#.#
#.# * ,,..#.#
#.# * * ..###
#.# , #####.#
, * #.@l..# *
#.##### * *
#. #. #.* ,
#. ,** #. #.
* *


You could see an iguana (combustible).

Vanquished Creatures
  Robin (D:1)
  An adder (D:2)
  2 ball pythons (D:2)
  3 bats
  2 endoplasms
  2 giant cockroaches
  12 goblins
  5 hobgoblins
  2 kobolds
  A quokka (D:1)
  A frilled lizard (D:2)
  4 rats
36 creatures vanquished.

Vanquished Creatures (others)
  80 foxfires
80 creatures vanquished.

Grand Total: 116 creatures vanquished

Notes
Turn   | Place    | Note
-------+----------+-------------------------------------------
     0 | D:1      | hawla the Meteoran Fire Elementalist began the quest for
                  | the Orb.
     0 | D:1      | Reached XP level 1. HP: 14/14 MP: 5/5
    76 | D:1      | Reached XP level 2. HP: 20/20 MP: 3/6
    79 | D:1      | Learned a level 2 spell: Scorch
   160 | D:1      | Found a faded altar of an unknown god.
   338 | D:1      | Reached skill level 4 in Fire Magic
   498 | D:1      | Glimpsed the power of Zot.
   526 | D:2      | Noticed Robin
   546 | D:1      | Killed Robin
   547 | D:1      | Reached XP level 3. HP: 14/26 MP: 5/8
   620 | D:2      | Reached XP level 4. HP: 32/33 MP: 6/9
  1096 | D:2      | Glimpsed the power of Zot.
  1171 | D:3      | Slain by an iguana

Illustrated notes

Levels and vault maps discovered:
D:1:      tarquinn_simple_flora_water_f, layout_basic,
          dreamdust_ecumenical_altar_statues
D:2:      layout_basic, uniq_robin
D:3:      layout_loops_ring, lemuel_crystal_altar,
          mainiacjoe_overflow_catch_the_wave, makhleb_altar_promises_db,
          minmay_diced_spiral, uniq_crazy_yiuf_cottage

Skill      XL: |  1  2  3 |
---------------+----------+-----
Fire Magic     | 4 |  4.0
Conjurations   | 2 3 |  3.8
Dodging        | |  2.6
Stealth        | |  1.4
Spellcasting   | |  2.9

Action                   |  1- 3 |  4- 6 || total
-------------------------+-------+-------++-------
Melee: Staff             |    14 |     1 ||    15
 Cast: Foxfire           |    28 |    19 ||    47
       Scorch            |     6 |     3 ||     9
  Use: Potion            |     3 |       ||     3
       Scroll            |       |     2 ||     2
Armor: Robe              |    12 |       ||    12
Dodge: Dodged            |    15 |     1 ||    16
